 Dungeon Crawl Stone Soup version 0.29-a0-925-g0a7a3d12f8 (webtiles) character file.

Game seed: 13659749688261064410

34 PimpSugar the Magician (level 3, 0/25 HPs)
             Began as a Demonspawn Hedge Wizard on July 28, 2022.
             Slain by a gnoll
             ... wielding a +0 whip
              (5 damage)
             ... on level 2 of the Dungeon.
             The game lasted 00:02:43 (1296 turns).

PimpSugar the Magician (Demonspawn Hedge Wizard)    Turns: 1296, Time: 00:02:44

Health: 0/25       AC:  3    Str: 10    XL:     3   Next: 14%
Magic:  4/7        EV: 11    Int: 17    God:
Gold:   85         SH:  0    Dex: 12    Spells: 5/8 levels left

rFire   . . .      SeeInvis .   a - +0 dagger
rCold   . . .      Faith    .   (no shield)
rNeg    . . .      Spirit   .   f - +0 leather armour
rPois   .          Reflect  .   c - +0 hat
rElec   .          Harm     .   (no cloak)
rCorr   .          Rampage  .   (no gloves)
Will    .....                   (no boots)
Stlth   ++........              (no amulet)
HPRegen 0.08/turn               (no ring)
MPRegen 0.10/turn               (no ring)

@: no status effects
A: hooves 2
a: no special abilities


You were on level 2 of the Dungeon.
You visited 1 branch of the dungeon, and saw 2 of its levels.

You collected 85 gold pieces.

Inventory:

Hand Weapons
 a - a +0 dagger (weapon)
 p - a +0 long sword
Missiles
 n - 4 stones
Armour
 b - a +0 robe
 c - a +0 hat (worn)
 f - a +0 leather armour (worn)
Scrolls
 g - a scroll of blinking {unknown}
 i - a scroll of brand weapon {unknown}
 k - a scroll of teleportation {unknown}
 l - a scroll of magic mapping {unknown}
 q - a scroll of enchant armour {unknown}
Potions
 d - a potion of magic
 e - a potion of degeneration {unknown}
 h - a potion of might {unknown}
 j - a potion of mutation {unknown}
 m - a potion of lignification {unknown}
 o - a potion of curing {unknown}


   Skills:
 + Level 0.6 Fighting
 + Level 2.0 Dodging
 - Level 1.7 Stealth
 * Level 3.3 Spellcasting
 * Level 1.7 Conjurations
 + Level 1.2 Summonings
 + Level 1.1 Translocations


You had 5 spell levels left.
You knew the following spells:

 Your Spells              Type           Power      Damage    Failure   Level
a - Magic Dart            Conj           32%        1d4       11%         1
b - Call Imp              Summ           7%         N/A       21%         2

Your spell library contained the following spells:

 Spells                   Type           Power      Damage    Failure   Level
 Slow                     Hex            8%         N/A       22%         1
 Blink                    Tloc           12%        N/A       22%         2
 Conjure Flame            Conj/Fire      5%         6-21      43%         3
 Mephitic Cloud           Conj/Pois/Air  4%         N/A       47%         3


Dungeon Overview and Level Annotations

Branches:
Dungeon (2/15)

Altars:


Innate Abilities, Weirdness & Mutations

You have hoof-like feet.


Message History

Your Dodging skill increases to level 2!
You have reached level 3!
Your experience leads to an increase in your attributes!
Increase (S)trength, (I)ntelligence, or (D)exterity?
You feel clever. x2; Your demonic ancestry asserts itself...
Your feet thicken and deform.
Casting: Call Imp (safe; 21% risk of failure)
Confirm with . or Enter, or press ? or * to list all spells.
Aiming: Magic Dart (safe; 11% risk of failure)
Press: ? - help, Shift-Dir - straight line, f - gnoll
Aim: a gnoll, wielding a +0 club (100% to hit)
The magic dart hits the gnoll.
The gnoll is lightly wounded.
Your iron imp barely misses the gnoll.
The gnoll hits your iron imp with a +0 whip.
The gnoll barely misses you. The gnoll attacks as you move away!
The gnoll barely misses you.
Your iron imp closely misses the gnoll.
The gnoll attacks as you move away! The gnoll closely misses you.
Your iron imp hits the gnoll!
The gnoll attacks as you move away! The gnoll hits you with a +0 club.
The gnoll attacks as you move away! The gnoll hits you but does no damage.
The gnoll attacks as you move away! The gnoll closely misses you.
The gnoll attacks as you move away! The gnoll hits you with a +0 club.
The gnoll attacks as you move away! The gnoll completely misses you.
Your iron imp disappears in a puff of smoke!
The gnoll attacks as you move away! The gnoll closely misses you.
The gnoll hits you with a +0 club.
Casting: Magic Dart (safe; 11% risk of failure)
Confirm with . or Enter, or press ? or * to list all spells.
A beastly little devil appears in a puff of flame.
The gnoll hits you with a +0 whip. The gnoll hits you with a +0 club.
* * * LOW HITPOINT WARNING * * *
The gnoll closely misses you.
The gnoll hits your crimson imp with a +0 club.
Your crimson imp barely misses the gnoll.
Your crimson imp barely misses the gnoll.
Your crimson imp closely misses the gnoll.
The gnoll attacks as you move away! The gnoll hits you with a +0 whip.
You die...

###################
........ยง.........# ###########
....#...####......## #.........#
...................####.........#
..........##...5................#
..........#....g..#.............#
................g...###.....)<..#
...............#@#### #.........#
).......###..###.# #.........#
....##### #.## #.# #.......>.#
..### #..# #.# ########### ...
#..## #.# ..#. #.# #.# ..... #.#
#[. .. #.# .##.#..


You could see 2 gnolls and a friendly crimson imp (summoned).

Vanquished Creatures
  A dart slug (D:1)
  A bat (D:2)
  2 endoplasms (D:1)
  2 giant cockroaches (D:1)
  2 goblins
  2 hobgoblins
  2 kobolds (D:1)
  A quokka (D:1)
  3 ball pythons (D:1)
  A frilled lizard (D:1)
  4 rats (D:1)
21 creatures vanquished.

Vanquished Creatures (collateral kills)
  A gnoll (D:2)
1 creature vanquished.

Grand Total: 22 creatures vanquished

Notes
Turn   | Place    | Note
-------+----------+-------------------------------------------
     0 | D:1      | PimpSugar the Demonspawn Hedge Wizard began the quest for
                  | the Orb.
     0 | D:1      | Reached XP level 1. HP: 13/13 MP: 4/4
   206 | D:1      | Reached skill level 1 in Translocations
   234 | D:1      | Found a faded altar of an unknown god.
   395 | D:1      | Gained mutation: You have large cloven feet. [demonic
                  | ancestry]
   395 | D:1      | Reached XP level 2. HP: 20/20 MP: 3/6
   833 | D:1      | Learned a level 2 spell: Call Imp
  1267 | D:2      | Gained mutation: You have hoof-like feet. [demonic
                  | ancestry]
  1267 | D:2      | Reached XP level 3. HP: 13/25 MP: 4/7
  1296 | D:2      | Slain by a gnoll

Illustrated notes

Levels and vault maps discovered:
D:1:      dpeg_arrival_simpleton_b, layout_loops_ring,
          chequers_ecumenical_altar_grove
D:2:      layout_rooms, serial_shops, shop, minmay_pentomino_w2

Skill      XL: |  1  2 |
---------------+-------+-----
Translocations | 1 |  1.1
Dodging        | 2 |  2.0
Fighting       | |  0.6
Stealth        | |  1.7
Spellcasting   | |  3.3
Conjurations   | |  1.7
Summonings     | |  1.2

Action                   || total
-------------------------++-------
Melee: Dagger            ||    52
       Punch             ||     2
       Kick              ||     3
 Cast: Magic Dart        ||    24
       Call Imp          ||     3
 Stab: Sleeping          ||     1
Armor: Robe              ||     1
       Leather armour    ||     9
Dodge: Dodged            ||    28

Table legend: (Time is in decaauts)
 A = Elapsed time spent in this place.
 B = Non-inter-level travel time spent in this place.
 C = Inter-level travel time spent in this place.
 D = Time resting spent in this place.
 E = Time spent auto-exploring this place.
 F = Levels seen in this place.
 G = Mean time per level.
                   A        B        C        D        E       F      G
               +--------+--------+--------+--------+--------+-----+--------+
         Total |   1295 |   1285 |     10 |    126 |    885 |   2 |  647.5 |
       Dungeon |   1295 |   1285 |     10 |    126 |    885 |   2 |  647.5 |
               +--------+--------+--------+--------+--------+-----+--------+

Top non-repeatable levels by time:
     D:1: 1142 daAuts
     D:2: 153 daAuts
